 Dungeon Crawl Stone Soup version 0.24-a0-264-gf46a388 (webtiles) character file.

Game seed: 420564946780373977

59734 mhoghedin the Fighter (level 14, -2/132 HPs)
             Began as a Centaur Gladiator on Apr 19, 2019.
             Was an Initiate of Gozag.
             Slain by a meliai
             ... wielding a +0 hand axe
              (3 damage)
             ... on level 13 of the Dungeon on Apr 20, 2019.
             The game lasted 00:53:43 (23396 turns).

mhoghedin the Fighter (Centaur Gladiator)          Turns: 23396, Time: 00:53:44

Health: -2/132     AC: 17    Str: 22    XL:     14   Next: 54%
Magic:  0/15       EV:  7    Int: 16    God:    Gozag
Gold:   221        SH:  3    Dex:  6    Spells: 13/13 levels left

rFire    . . .     SeeInvis .   a - +3 war axe of Spite {drain, Int+6}
rCold    + + +     Gourm    .   s - +1 buckler of Haluypun {rPois rC+++ Dex-3}
rNeg     + . .     Faith    .   R - +2 chain mail "Exuviuju" {*Drain rPois Slay+2}
rPois    +         Spirit   +   B - +0 helmet of Baewkoit {Regen+ Dex-2 Stlth+}
rElec    .         Reflect  .   m - +2 cloak {MR+}
rCorr    .         Harm     .   (no gloves)
MR       +++..                  (no barding)
Stlth    ..........             q - amulet of guardian spirit {Spirit}
HPRegen  0.72/turn              e - ring of protection from magic {MR+, !d}
MPRegen  0.14/turn              J - ring of Peajom {rN+ Int+3 Slay+2}

@: gold aura, very quick
A: large, hooves 3, deformed body, speed 2, tough skin 3
a: Potion Petition, Call Merchant, Bribe Branch, Renounce Religion


You were on level 13 of the Dungeon.
You worshipped Gozag.
Gozag was aware of your devotion.
You were not hungry.

You visited 2 branches of the dungeon, and saw 18 of its levels.
You also visited: Sewer and Gauntlet.

You collected 5720 gold pieces.
You spent 2721 gold pieces at shops.
You paid 2778 gold pieces to Gozag.

Inventory:

Hand Weapons
 a - the +3 war axe of Spite (weapon) {drain, Int+6}
   (You found it on level 2 of the Lair of Beasts)

   A truly terrible weapon, it drains the life of those it strikes.
   It affects your intelligence (+6).
 b - a +0 battleaxe of holy wrath
   (You bought it in a shop on level 8 of the Dungeon)
 F - a +2 war axe of flaming
   (You took it off an orc on level 7 of the Dungeon)
Missiles
 d - 11 throwing nets {=f, !d}
Armour
 m - a +2 cloak of magic resistance (worn)
   (You took it off Maurice on level 9 of the Dungeon)
 s - the +1 buckler of Haluypun (worn) {rPois rC+++ Dex-3}
   (You bought it in a shop on level 4 of the Lair of Beasts)

   It affects your dexterity (-3).
   It renders you almost immune to cold.
   It protects you from poison.
 A - the +2 plate armour "Coodel" {rN+ Regen+, unknown}
   (You bought it in a shop on level 4 of the Lair of Beasts)

   It protects you from negative energy.
   It increases your rate of regeneration.
 B - the +0 helmet of Baewkoit (worn) {Regen+ Dex-2 Stlth+}
   (You found it on level 6 of the Dungeon)

   It affects your dexterity (-2).
   It increases your rate of regeneration.
   It makes you more stealthy.
 R - the +2 chain mail "Exuviuju" (worn) {*Drain rPois Slay+2}
   (You bought it in a shop on level 4 of the Lair of Beasts)

   It affects your accuracy and damage with ranged weapons and melee attacks
   (+2).
   It protects you from poison.
   It causes draining when unequipped.
Jewellery
 c - an uncursed ring of positive energy {rN+}
   (You found it on level 11 of the Dungeon)
 e - a ring of protection from magic (left hand) {MR+, !d}
   (You found it on level 1 of the Dungeon)
 n - a +3 amulet of reflection
   (You found it on level 2 of the Dungeon)
 o - an uncursed ring of ice {rC+, rF-}
   (You found it on level 5 of the Lair of Beasts)
 q - an amulet of guardian spirit (around neck) {Spirit}
   (You found it on level 3 of the Dungeon)
 t - an uncursed ring of see invisible {sInv, !d}
   (You found it on level 3 of the Dungeon)
 J - the ring of Peajom (right hand) {rN+ Int+3 Slay+2}
   (You bought it in a shop on level 8 of the Dungeon)

   [ring of positive energy]

   It affects your intelligence (+3).
   It affects your accuracy and damage with ranged weapons and melee attacks
   (+2).
   It protects you from negative energy.
 T - an uncursed ring of resist corrosion
   (You found it in a Gauntlet)
Wands
 v - a wand of iceblast (35)
   (You found it on level 7 of the Dungeon)
 x - a wand of flame (90)
   (You took it off Ijyb on level 5 of the Dungeon)
 y - a wand of paralysis (8)
   (You found it on level 4 of the Lair of Beasts)
 D - a wand of polymorph (6)
   (You took it off an orc wizard on level 8 of the Dungeon)
 H - a wand of random effects (39)
   (You found it on level 7 of the Dungeon)
 K - a wand of disintegration (16)
   (You found it on level 3 of the Lair of Beasts)
 S - a wand of digging (3)
   (You found it on level 10 of the Dungeon)
Scrolls
 h - 3 scrolls of magic mapping {!r}
 i - 3 scrolls of enchant armour
 l - 3 scrolls of identify
 r - 12 scrolls of remove curse
 w - 4 scrolls of fog
 L - a scroll of torment {!r}
 M - 3 scrolls of enchant weapon
 O - 2 scrolls of teleportation
 Q - 2 scrolls of brand weapon
Potions
 g - 8 potions of curing
 j - 4 potions of magic
 k - 4 potions of heal wounds
 u - 2 potions of might
 z - 4 potions of flight
 C - 3 potions of haste
 G - 2 potions of mutation {!q}
Miscellaneous
 I - a crystal ball of energy
   (You found it on level 4 of the Lair of Beasts)
 U - a box of beasts
Comestibles
 f - 31 rations


   Skills:
 - Level 14.1 Fighting
 - Level 13.3 Axes
 - Level 2.1 Throwing
 - Level 8.8 Armour
 - Level 9.1 Dodging
 + Level 0.6 Shields
 + Level 1.8 Evocations


You had 13 spell levels left.
You didn't know any spells.
Your spell library contained the following spells:

 Spells                   Type           Power        Failure   Level  Hunger
 Flame Tongue             Conj/Fire      #....        94%         1    ##.....
 Freeze                   Ice            #...         94%         1    ##.....
 Summon Small Mammal      Summ           #...         94%         1    ##.....
 Call Imp                 Summ           #.......     98%         2    ###....
 Throw Flame              Conj/Fire      #.....       98%         2    ###....
 Throw Frost              Conj/Ice       #.....       98%         2    ###....
 Call Canine Familiar     Summ           #.......     100%        3    ####...
 Conjure Flame            Conj/Fire      #.......     100%        3    ####...
 Inner Flame              Hex/Fire       #.......     100%        3    ####...
 Ozocubu's Armour         Chrm/Ice       #.......     100%        3    ####...
 Summon Guardian Golem    Hex/Summ       #.......     100%        3    ####...
 Sticky Flame             Conj/Fire      #.......     100%        4    #####..
 Summon Ice Beast         Ice/Summ       #.......     100%        4    #####..
 Summon Lightning Spire   Summ/Air       #.......     100%        4    #####..
 Throw Icicle             Conj/Ice       #.......     100%        4    #####..
 Bolt of Magma            Conj/Fire/Erth #.........   100%        5    ######.
 Fireball                 Conj/Fire      #.........   100%        5    ######.
 Iskenderun's Battlesphe  Conj/Chrm      #.......     100%        5    ######.
 Venom Bolt               Conj/Pois      #.........   100%        5    ######.
 Iron Shot                Conj/Erth      #.........   100%        6    #######
 Orb of Destruction       Conj           #.........   100%        7    #######
 Spellforged Servitor     Conj/Summ      #.........   100%        7    #######


Dungeon Overview and Level Annotations

Branches:
Dungeon (13/15)            Temple (0/1) D:5            Lair (5/6) D:9
 Shoals (0/4) Lair:3       Spider (0/4) Lair:4        Slime (0/5) Lair:5
    Orc (0/2) D:12
 Vaults: D:13-14

Altars:
Gozag
Kikubaaqudgha
Qazlal
Trog
Beogh
Jiyva

Shops:
D:8 (=   Lair:4 [

Annotations:
Lair:3 exclusion: 2 oklob plants


Innate Abilities, Weirdness & Mutations

You have hooves in place of feet.
Armour fits poorly on your strangely shaped body.
You cover ground very quickly.
You have extremely tough skin. (AC +3)


Message History

You take 18 damage, and have 102/132 hp.
You now have 11/15 mp.
A killer bee comes into view.
The killer bee buzzes angrily.
You hear an angry buzzing noise.
You hear a bellow! x2
The vampire mosquito becomes distracted by the nearby gold, dreaming of imaginary riches.
A komodo dragon comes into view.
The vampire mosquito buzzes angrily.
You slash the centaur warrior zombie! You miss the killer bee.
You hit the yak but do no damage. You drain the yak. You hit the yak.
You drain the yak. You slice the meliai!!
You hear an angry buzzing noise.
The vampire mosquito is no longer distracted by gold.
The meliai invokes the aid of its god against you.
Something smites you!
A meliai comes into view. It is wielding a +2 vampiric war axe.
The meliai calls down the wrath of its god upon you.
Something smites you!
The killer bee stings you but does no damage.
The meliai becomes distracted by the nearby gold, dreaming of imaginary riches.
The meliai hits you but does no damage. The meliai stings you.
A killer bee comes into view.
A bullfrog comes into view.
The meliai becomes distracted by the nearby gold, dreaming of imaginary riches.
The yak gores you but does no damage.
The centaur warrior zombie barely misses you.
The meliai buzzes angrily.
You take 29 damage, and have 74/132 hp.
MASSIVE DAMAGE!!
You now have 9/15 mp.
Unknown command.
You hear a bellow!
You hear an angry buzzing noise.
The meliai invokes the aid of its god against you.
Something smites you! The brown ugly thing headbutts you.
You are splashed with acid!
The yak gores you but does no damage. The killer bee barely misses you.
The meliai becomes distracted by the nearby gold, dreaming of imaginary riches.
The meliai buzzes angrily.
You take 18 damage, and have 56/132 hp.
You now have 6/15 mp.
Unknown command.
Unknown command.
The meliai is no longer distracted by gold. x2
The meliai barely misses you. You block the meliai's attack.
The vampire mosquito becomes distracted by the nearby gold, dreaming of imaginary riches.
The killer bee becomes distracted by the nearby gold, dreaming of imaginary riches.
The brown ugly thing barely misses you.
The meliai is no longer distracted by gold.
The meliai hits you but does no damage. You block the meliai's attack.
The brown ugly thing headbutts you.
You are splashed with acid!
The scorpion stings you but does no damage.
You take 10 damage, and have 46/132 hp.
You now have 5/15 mp.
The killer bee becomes distracted by the nearby gold, dreaming of imaginary riches.
The meliai mumbles some strange prayers to its god against you.
Something smites you!
* * * LOW HITPOINT WARNING * * *
A killer bee comes into view.
The vampire mosquito buzzes angrily.
The killer bee buzzes angrily. x3
You take 8 damage, and have 38/132 hp.
Okay, then.
Unknown command.
Unknown command.
Unknown command.
Okay, then.
Unknown command.
Unknown command.
You slice the vampire mosquito!! Your kick misses the vampire mosquito.
You hit the brown ugly thing. You slash the scorpion!
You kill the scorpion!
You hear a bellow!
The meliai is no longer distracted by gold.
The meliai calls down the wrath of its god upon you.
Something smites you!
* * * LOW HITPOINT WARNING * * *
The meliai calls down the wrath of its god upon you.
Something smites you!
* * * LOW HITPOINT WARNING * * *
The vampire mosquito bites you but does no damage.
The brown ugly thing headbutts you but does no damage.
You block the vampire mosquito's attack.
The meliai invokes the aid of its god against you.
Something smites you!
* * * LOW HITPOINT WARNING * * *
You take 29 damage, and have 9/132 hp.
MASSIVE DAMAGE!!
You now have 1/15 mp.
Unknown command.
As you read the scroll of fog, it crumbles to dust.
The scroll dissolves into smoke.
The killer bee is no longer distracted by gold.
The vampire mosquito is no longer distracted by gold.
The vampire mosquito bites you.
* * * LOW HITPOINT WARNING * * *
The vampire mosquito draws strength from your injuries!
The vampire mosquito bites you but does no damage.
The meliai barely misses you. The meliai stings you.
* * * LOW HITPOINT WARNING * * *
The vampire mosquito bites you but does no damage.
The brown ugly thing headbutts you but does no damage.
The meliai hits you but does no damage. The meliai stings you.
You die...
Your body crumbles into a pile of gold.

...##........##
...>..........####
................>..#
....................
....................
.....#......$.......
.....#...§§Z........
.........y@yy.......
........yyyu........
.........yyyZy.#..?.
$.....$...yYY.## ..
$ $
...#......F.yy..#
..........l....<....
...........?y...#...
#................###
#...#.#..........#


You could see a brown ugly thing, a komodo dragon, 2 yaks, 3 vampire mosquitoes,
6 meliai, a bullfrog, 5 killer bees, a centaur warrior zombie and a centaur
warrior skeleton.

Vanquished Creatures
  Gastronok (Lair:1)
  A minotaur (Gauntlet)
  Josephine (D:11)
  Erolcha (D:9)
  Harold (D:7)
  The ghost of Ratty the Tainted, a journeyman MiMo of Yredelemnul (Lair:2)
  4 hydras
  A centaur warrior (D:13)
  4 alligators (Lair:5)
  Erica (D:8)
  3 two-headed ogres
  6 death yaks
  A large abomination (Gauntlet)
  An unseen horror (D:10)
  2 wizards (Gauntlet)
  A sixfirhy (Gauntlet)
  A swamp dragon (Lair:5)
  Pikel (D:6)
  3 deep elf magi
  A cyclops (D:11)
  2 ugly things (D:11)
  A manticore (D:10)
  4 elephants (Lair:3)
  Maurice (D:9)
  A black mamba (Lair:3)
  A centaur zombie (D:12)
  5 spiny frogs
  2 torpor snails
  A centaur skeleton (D:11)
  A molten gargoyle (Lair:2)
  A rime drake (Lair:5)
  6 komodo dragons
  A kobold demonologist (D:12)
  2 jumping spiders (Lair:4)
  9 trolls
  6 tyrant leeches (Lair:3)
  3 meliai (D:11)
  Grinder (D:5)
  15 blink frogs
  7 dream sheep (Lair:5)
  3 hornets (D:10)
  9 hippogriffs
  A redback (Lair:4)
  Sigmund (D:5)
  A vampire (D:12)
  5 wraiths
  19 yaks
  5 wyverns
  A hungry ghost (D:8)
  4 basilisks
  A vampire mosquito (D:11)
  3 wargs (D:9)
  Menkaure (D:7)
  10 swamp worms
  Edmund (D:5)
  2 acid dragons (D:11)
  3 soldier ants (D:12)
  12 water moccasins
  11 porcupines
  3 ice beasts
  6 orc warriors
  A black bear (Lair:4)
  2 sky beasts
  A swamp drake (Lair:5)
  An eye of draining (D:11)
  A necrophage (D:10)
  A phantom (D:6)
  7 ogres
  5 wolves (Lair:1)
  4 centaurs
  7 crocodiles
  A big kobold (D:8)
  18 bullfrogs
  4 gnoll sergeants (D:8)
  7 scorpions
  A wyvern zombie (D:11)
  12 killer bees
  12 wights
  3 howler monkeys (D:11)
  5 electric eels
  4 crimson imps
  2 bullfrog zombies
  11 hounds
  3 bullfrog skeletons
  3 gnoll shamans (D:8)
  11 orc priests
  Crazy Yiuf (D:3)
  3 jellies
  7 iguanas
  Ijyb (D:5)
  6 orc wizards
  6 worker ants
  A hound zombie (D:6)
  4 hound skeletons
  15 gnolls (D:8)
  10 adders
  8 river rats (Sewer)
  5 shadow imps
  2 white imps (Gauntlet)
  3 ufetubi (Gauntlet)
  5 oozes
  A worm (D:2)
  3 dart slugs
  5 leopard geckos
  62 orcs
  5 ball pythons
  8 bats
  3 giant cockroaches
  8 goblins
  4 hobgoblins
  12 jackals
  5 quokkas
  11 frilled lizards
  A giant cockroach zombie (D:6)
  13 kobolds
  A leopard gecko zombie (D:9)
  17 rats
  2 butterflies (Lair:3)
573 creatures vanquished.

Vanquished Creatures (collateral kills)
  A wolf (D:8)
  2 hounds (D:8)
  A gnoll (D:8)
  A shadow imp (D:8)
5 creatures vanquished.

Vanquished Creatures (others)
  2 slaves (D:6)
  A human (D:7)
  A bullfrog (D:6)
  An adder (D:6)
  A leopard gecko (D:6)
  An orc (D:10)
  10 fungi
  18 plants
35 creatures vanquished.

Grand Total: 613 creatures vanquished

Notes
Turn   | Place    | Note
-------+----------+-------------------------------------------
     0 | D:1      | mhoghedin the Centaur Gladiator began the quest for the
                  | Orb.
     0 | D:1      | Reached XP level 1. HP: 17/17 MP: 1/1
    60 | D:1      | Reached skill level 3 in Axes
    62 | D:1      | Reached XP level 2. HP: 21/25 MP: 2/2
   268 | D:1      | Reached XP level 3. HP: 22/30 MP: 3/3
   463 | D:1      | Reached skill level 3 in Fighting
   689 | D:2      | Reached XP level 4. HP: 30/38 MP: 4/4
   840 | D:2      | Reached skill level 4 in Axes
   849 | D:2      | Reached skill level 4 in Fighting
   849 | D:2      | Reached XP level 5. HP: 23/46 MP: 5/5
  1509 | D:3      | Found an opulent altar of Gozag.
  1608 | D:3      | Became a worshipper of Gozag Ym Sagoz the Greedy
  1940 | D:3      | Found a runed translucent door.
  1941 | D:3      | Noticed Crazy Yiuf
  2458 | D:3      | Reached XP level 6. HP: 36/53 MP: 6/6
  2554 | D:3      | Killed Crazy Yiuf
  2999 | D:4      | Reached skill level 5 in Axes
  3096 | D:4      | Reached skill level 5 in Fighting
  3469 | D:4      | Found a stormy altar of Qazlal.
  3782 | D:5      | Entered Level 5 of the Dungeon
  3799 | D:5      | Found a staircase to the Ecumenical Temple.
  3817 | D:5      | Found a glowing drain.
  3834 | Sewer    | Entered a sewer
  3957 | Sewer    | Reached XP level 7. HP: 61/61 MP: 7/7
  4414 | D:5      | Noticed Grinder
  4416 | D:5      | Noticed Ijyb
  4423 | D:5      | Killed Grinder
  4423 | D:5      | Reached skill level 6 in Fighting
  4423 | D:5      | Reached skill level 6 in Axes
  4433 | D:5      | Killed Ijyb
  4736 | D:5      | Found Orycown's Book Shoppe.
  4805 | D:5      | Noticed Edmund
  4812 | D:5      | Noticed Sigmund
  4828 | D:5      | Killed Edmund
  4831 | D:5      | Killed Sigmund
  4831 | D:5      | Reached skill level 7 in Fighting
  4831 | D:5      | Reached XP level 8. HP: 48/73 MP: 8/8
  4853 | D:5      | Got a jewelled scythe
  4854 | D:5      | Identified the +2 scythe "Umaok" {freeze, rF+ rC+ MR- MP+9}
                  | (You found it on level 5 of the Dungeon)
  4970 | D:6      | Reached skill level 7 in Axes
  5073 | D:6      | Noticed Pikel
  5145 | D:6      | Killed Pikel
  5145 | D:6      | Reached skill level 8 in Fighting
  5145 | D:6      | Reached skill level 8 in Axes
  5403 | D:6      | Reached XP level 9. HP: 47/82 MP: 9/9
  6030 | D:6      | Got a translucent helmet
  6232 | D:7      | Noticed Harold
  6322 | D:7      | Killed Harold
  6322 | D:7      | Reached skill level 9 in Fighting
  6322 | D:7      | Reached skill level 9 in Axes
  6546 | D:7      | HP: 21/85 [wight/+3 great sword (11)]
  6562 | D:7      | Found an ancient bone altar of Kikubaaqudgha.
  6978 | D:8      | Reached skill level 10 in Fighting
  6980 | D:8      | Noticed Erica
  6985 | D:8      | HP: 18/85 [Erica/+0 scimitar of flaming (9)]
  6986 | D:8      | Noticed a two-headed ogre
  6992 | D:8      | HP: 13/85 [poisoned by a gnoll sergeant]
  6997 | D:8      | HP: 13/85 [poisoned by a gnoll sergeant]
  7003 | D:8      | HP: 13/85 [poisoned by a gnoll sergeant]
  7024 | D:8      | HP: 19/85 [gnoll sergeant/+2 trident of venom (8)]
  7025 | D:8      | HP: 5/85 [gnoll sergeant/+2 trident of venom (9)]
  7078 | D:8      | HP: 16/86 [gnoll/+0 spear (2)]
  7099 | D:8      | Killed Erica
  7099 | D:8      | Reached XP level 10. HP: 40/94 MP: 10/10
  7417 | D:8      | Reached skill level 10 in Axes
  7644 | D:8      | HP: 15/94 [orc priest/nerve-wracking pain (12)]
  7650 | D:8      | HP: 13/94 [orc wizard/puff of flame (2)]
  8121 | D:8      | Killed a two-headed ogre
  8121 | D:8      | Reached skill level 11 in Fighting
  8169 | D:8      | Found a roughly hewn altar of Beogh.
  8470 | D:7      | Noticed Menkaure
  8482 | D:7      | Killed Menkaure
  8484 | D:7      | HP: 16/96 [wight/+3 great sword (11)]
  8489 | D:7      | HP: 11/96 [wight/stone (1)]
  9586 | D:8      | Reached skill level 11 in Axes
  9717 | D:8      | Found Feqesero's Jewellery Shop.
  9738 | D:8      | Identified the +0 helmet of Baewkoit {Regen+ Dex-2 Stlth+}
                  | (You found it on level 6 of the Dungeon)
  9800 | D:8      | Bought a glowing battleaxe for 247 gold pieces
  9987 | D:9      | Noticed Maurice
  9995 | D:9      | Killed Maurice
 10034 | D:9      | Noticed a deep elf mage
 10247 | D:9      | Found a bloodstained altar of Trog.
 10360 | D:9      | Noticed a two-headed ogre
 10367 | D:9      | Killed a two-headed ogre
 10367 | D:9      | Reached skill level 12 in Fighting
 10367 | D:9      | Reached XP level 11. HP: 71/104 MP: 11/11
 10380 | D:9      | Noticed Erolcha
 10477 | D:9      | Killed Erolcha
 10494 | D:9      | Found a staircase to the Lair.
 11174 | D:9      | Killed a deep elf mage
 11181 | Lair:1   | Entered Level 1 of the Lair of Beasts
 11205 | D:9      | HP: 26/105 [blink frog (8)]
 11206 | D:9      | Reached skill level 12 in Axes
 11428 | Lair:1   | Reached skill level 1 in Armour
 11569 | Lair:1   | Noticed a seven-headed hydra
 11580 | Lair:1   | HP: 25/106 [four-headed hydra (5)]
 11716 | Lair:1   | Reached skill level 3 in Dodging
 11722 | Lair:1   | Killed a one-headed hydra
 11722 | Lair:1   | Reached skill level 2 in Armour
 11730 | Lair:1   | HP: 19/106 [blink frog (15)]
 11937 | Lair:1   | Noticed Gastronok
 12092 | D:9      | Reached skill level 3 in Armour
 12266 | D:8      | Bought the ring of Peajom {rN+ Int+3 Slay+2} for 500 gold
                  | pieces
 12332 | Lair:1   | Reached skill level 4 in Dodging
 12339 | Lair:1   | Killed Gastronok
 12339 | Lair:1   | Reached XP level 12. HP: 91/113 MP: 12/12
 12505 | Lair:1   | Reached skill level 4 in Armour
 13107 | Lair:2   | Found a runed translucent gate.
 13107 | Lair:2   | Found a runed translucent gate.
 13107 | Lair:2   | Found a runed translucent gate.
 13108 | Lair:2   | Noticed a nine-headed hydra
 13109 | Lair:2   | Noticed Ratty's ghost (journeyman MiMo)
 13109 | Lair:2   | Noticed a nine-headed hydra
 13239 | Lair:2   | Reached skill level 5 in Dodging
 13344 | Lair:2   | HP: 22/113 [electric eel/bolt of electricity (10)]
 14027 | Lair:2   | Reached skill level 13 in Fighting
 14444 | Lair:2   | Killed a five-headed hydra
 14451 | Lair:2   | Killed Ratty's ghost
 14457 | Lair:2   | Killed a six-headed hydra
 14593 | Lair:2   | Got a transparent war axe
 14598 | Lair:2   | Identified the +3 war axe of Spite {drain, Int+6} (You
                  | found it on level 2 of the Lair of Beasts)
 14961 | Lair:3   | Reached skill level 13 in Axes
 14987 | Lair:3   | Found a staircase to the Shoals.
 15112 | Lair:3   | HP: 23/116 [tyrant leech (27)]
 15571 | Lair:4   | Reached XP level 13. HP: 117/123 MP: 13/13
 15703 | Lair:4   | Reached skill level 5 in Armour
 16064 | Lair:4   | Found a hole to the Spider Nest.
 16450 | Lair:4   | Reached skill level 6 in Dodging
 16497 | Lair:4   | HP: 25/123 [death yak (15)]
 16509 | Lair:3   | HP: 27/123 [blink frog (5)]
 16512 | Lair:3   | HP: 11/123 [tyrant leech (18)]
 17424 | Lair:5   | Reached skill level 6 in Armour
 17647 | Lair:5   | Reached skill level 7 in Dodging
 17809 | Lair:5   | Found a staircase to the Slime Pits.
 17810 | Lair:5   | Found a viscous altar of Jiyva.
 18187 | Lair:5   | Reached skill level 7 in Armour
 19271 | Lair:4   | Bought a faintly glowing chain mail for 399 gold pieces
 19281 | Lair:4   | Identified the +2 chain mail "Exuviuju" {*Drain rPois
                  | Slay+2} (You bought it in a shop on level 4 of the Lair of
                  | Beasts)
 19394 | D:10     | Entered Level 10 of the Dungeon
 19422 | D:10     | Reached skill level 8 in Dodging
 19856 | D:10     | Reached XP level 14. HP: 93/130 MP: 14/14
 20110 | D:10     | Reached skill level 8 in Armour
 20315 | D:11     | Noticed Josephine
 20340 | D:11     | Killed Josephine
 20412 | D:11     | Found a gate leading to a gauntlet.
 20431 | Gauntlet | Entered a Gauntlet
 20431 | Gauntlet | Found a transporter.
 20431 | Gauntlet | Found a transporter.
 20435 | Gauntlet | Found a transporter.
 20444 | Gauntlet | Found a transporter.
 20459 | Gauntlet | Found a transporter.
 20464 | Gauntlet | Found a transporter.
 20469 | Gauntlet | Found a transporter.
 20470 | Gauntlet | Found a transporter.
 20472 | Gauntlet | Found a transporter.
 20506 | Gauntlet | Found a transporter.
 20517 | Gauntlet | Found a transporter.
 20528 | Gauntlet | Found a transporter.
 20572 | Gauntlet | Found a transporter.
 20586 | Gauntlet | Found a transporter.
 20687 | Gauntlet | Found a transporter.
 20701 | Gauntlet | Found a transporter.
 21144 | Gauntlet | Got a heavily runed tin ring
 21152 | Gauntlet | Identified the ring "Defuy" {+Inv rF- rC+ Str+2 Int+2} (You
                  | found it in a Gauntlet)
 21452 | D:11     | Reached skill level 14 in Fighting
 21737 | D:11     | Reached skill level 9 in Dodging
 22079 | D:12     | Found a staircase to the Orcish Mines.
 22217 | D:12     | Reached skill level 1 in Evocations
 23185 | Lair:4   | Bought a dazzling buckler for 399 gold pieces
 23185 | Lair:4   | Bought a transparent plate armour for 1176 gold pieces
 23190 | Lair:4   | Identified the +1 buckler of Haluypun {rPois rC+++ Dex-3}
                  | (You bought it in a shop on level 4 of the Lair of Beasts)
 23395 | D:13     | HP: 27/132 [meliai/divine providence (12)]
 23395 | D:13     | HP: 9/132 [meliai/divine providence (9)]
 23396 | D:13     | HP: 1/132 [meliai/+0 broad axe (4)]
 23396 | D:13     | Slain by a meliai

Levels and vault maps discovered:
D:1:      minmay_arrival_open_corners, layout_rooms, minmay_distorted
D:2:      layout_loops_cross, chequers_serial_rivers_micro_a
D:3:      layout_basic, nicolae_gozag_seed_capital, uniq_crazy_yiuf_cottage
D:4:      layout_loops_corners, kennysheep_mini, minmay_misc_feat_five,
          minmay_close_crescents
D:5:      layout_rooms, temple_pool_b, cheibrodos_sewer_entry_sluice,
          serial_shops, nicolae_shop_behind_doors, first_ration,
          minmay_misc_feat_alley, sigmund_edmund_badplayer, uniq_grinder,
          uniq_ijyb
D:6:      layout_cave_pods, minmay_large_rounded_square, uniq_edmund, uniq_pikel
D:7:      layout_basic, tgw_kikubaaqudgha, uniq_harold, uniq_menkaure
D:8:      layout_cave_pools, special_room [special_room_orc], serial_gnoll_camp,
          gnoll_camp_huts_basic, gnoll_camp_mini_hut, gnoll_camp_mini_hut,
          gnoll_camp_mini_hut, gnoll_camp_mini_basic, gnoll_camp_mini_shop,
          grunt_ogre_cave, chequers_jeans, uniq_erica
D:9:      layout_basic, erik_lair_orcish_takeover, basic_altar,
          minmay_misc_feat_room, uniq_maurice, uniq_erolcha
D:10:     layout_basic, minmay_tree_intersection, roderic_lattice_a,
          minmay_misc_feat_nine_boxes, fungi_pond_lemuel
D:11:     layout_roguey, gauntlet_entry_generic, minivault_28, uniq_josephine
D:12:     layout_irregular_city, orc_0_dummy
D:13:     layout_cave_pools, skrybe_vaults_entry_preservation, serial_shops,
          shop, gammafunk_ghost_split, pf_eden
Lair:1:   layout_misc_corridors, minivault_27, serial_bayou_shore_b,
          uniq_gastronok
Lair:2:   layout_gridlike, gammafunk_ghost_hydra_chop
Lair:3:   layout_loops_ring, elwin_shoals_entry_rocks, worms_lemuel,
          lemuel_fruit_fields, minmay_lair_oklob_chamber
Lair:4:   layout_cave_pods, spider_nest_entry_funnel_web, lemuel_fruit_tree
Lair:5:   onia_ninara_swampy_vault, layout_cave_pods, slime_altar_1,
          serial_forest, infiniplex_forest_clump_medium,
          infiniplex_forest_clump_tiny, infiniplex_forest_end_2,
          infiniplex_forest_lined_3_way, infiniplex_forest_clump_small,
          infiniplex_forest_clump_diagonal, infiniplex_forest_clump_curved
Sewer:    sewer_co_cracked_pipes
Gauntlet: gammafunk_gauntlet_branching [nicolae_gauntlet_arena_quarters,
          gammafunk_gauntlet_arena_teeth, gammafunk_gauntlet_arena_mazey,
          nicolae_gauntlet_arena_t_cross, gammafunk_gauntlet_arena_chambers,
          nicolae_gauntlet_arena_grate_2, nicolae_gauntlet_arena_x,
          nicolae_gauntlet_swirl, gauntlet_exit_hidden_loot]

Skill      XL: |  1  2  3  4  5  6  7  8  9 10 11 12 13 14 |
---------------+-------------------------------------------+-----
Axes           | 3 4 5 6 8 9 11 12 13 | 13.3
Fighting       | 3 4 5 7 8 10 12 13 14 | 14.1
Armour         | 3 4 7 8 |  8.8
Dodging        | 4 5 8 9 |  9.1
Evocations     | 1 |  1.8
Throwing       | |  2.1
Shields        | |  0.6

Action                   |  1- 3 |  4- 6 |  7- 9 | 10-12 | 13-15 || total
-------------------------+-------+-------+-------+-------+-------++-------
Melee: War axe           |    90 |   144 |   231 |   649 |   630 ||  1744
       Kick              |    18 |    29 |    52 |   173 |   188 ||   460
       Battleaxe         |       |       |       |       |     9 ||     9
Invok: Potion Petition   |       |       |     2 |     1 |     1 ||     4
       Call Merchant     |       |       |       |     1 |     1 ||     2
Evoke: Wand              |       |       |     8 |    17 |     3 ||    28
  Use: Scroll            |       |    10 |     6 |    14 |     7 ||    37
       Potion            |       |     5 |     4 |     3 |     5 ||    17
 Stab: Distracted        |       |       |     1 |     3 |     1 ||     5
       Invisible         |       |       |       |       |     7 ||     7
  Eat: Chunk             |       |     2 |       |       |       ||     2
       Ration            |       |     2 |     3 |     9 |     4 ||    18
Armor: Leather armour    |    53 |     8 |       |       |       ||    61
       Ring mail         |       |    37 |    79 |   210 |    79 ||   405
       Skin              |       |       |     3 |       |       ||     3
       Chain mail        |       |       |       |       |   206 ||   206
       Plate armour      |       |       |       |       |    37 ||    37
Dodge: Dodged            |    69 |    63 |   104 |   287 |   245 ||   768
Block: Other             |       |    12 |    29 |    61 |    61 ||   163
       Reflection        |       |       |       |     2 |     1 ||     3
       Buckler           |       |       |       |       |     4 ||     4

Table legend:
 A = Non-vault XP
 B = Vault XP
 C = Vault XP percentage of total XP
 D = Non-vault monster count
 E = Vault monster count
 F = Vault count percentage of total count
                 A         B        C        D         E       F
            +---------+---------+-------+---------+---------+-------
      Total |   55757 |   29578 |  34.7 |     418 |     158 |  27.4
            +---------+---------+-------+---------+---------+-------
        D:1 |      53 |       5 |   8.6 |      22 |       3 |  12.0
        D:2 |     199 |       0 |   0.0 |      27 |       0 |   0.0
        D:3 |     125 |      40 |  24.2 |      22 |       1 |   4.3
        D:4 |     272 |       2 |   0.7 |       9 |       1 |  10.0
        D:5 |      32 |     691 |  95.6 |       1 |       6 |  85.7
        D:6 |     973 |     641 |  39.7 |      24 |       1 |   4.0
        D:7 |     790 |    1195 |  60.2 |      26 |       2 |   7.1
        D:8 |    2451 |    2095 |  46.1 |      38 |      50 |  56.8
        D:9 |    4427 |    2079 |  32.0 |      31 |      11 |  26.2
       D:10 |    7127 |       0 |   0.0 |      47 |       0 |   0.0
       D:11 |    4152 |    4203 |  50.3 |      33 |      15 |  31.2
       D:12 |    5405 |       0 |   0.0 |      28 |       0 |   0.0
       D:13 |    1009 |       0 |   0.0 |       2 |       0 |   0.0
     Lair:1 |    4959 |    2297 |  31.7 |      22 |       1 |   4.3
     Lair:2 |    4834 |    2969 |  38.0 |      27 |       3 |  10.0
     Lair:3 |    6466 |    2960 |  31.4 |      23 |      12 |  34.3
     Lair:4 |    4513 |     845 |  15.8 |      10 |       3 |  23.1
     Lair:5 |    7970 |    5169 |  39.3 |      26 |      11 |  29.7
      Sewer |       0 |     125 | 100.0 |       0 |      25 | 100.0
   Gauntlet |       0 |    4262 | 100.0 |       0 |      13 | 100.0
            +---------+---------+-------+---------+---------+-------

Levels and vault maps discovered:
D:1:      minmay_arrival_open_corners, layout_rooms, minmay_distorted
D:2:      layout_loops_cross, chequers_serial_rivers_micro_a
D:3:      layout_basic, nicolae_gozag_seed_capital, uniq_crazy_yiuf_cottage
D:4:      layout_loops_corners, kennysheep_mini, minmay_misc_feat_five,
          minmay_close_crescents
D:5:      layout_rooms, temple_pool_b, cheibrodos_sewer_entry_sluice,
          serial_shops, nicolae_shop_behind_doors, first_ration,
          minmay_misc_feat_alley, sigmund_edmund_badplayer, uniq_grinder,
          uniq_ijyb
D:6:      layout_cave_pods, minmay_large_rounded_square, uniq_edmund, uniq_pikel
D:7:      layout_basic, tgw_kikubaaqudgha, uniq_harold, uniq_menkaure
D:8:      layout_cave_pools, special_room [special_room_orc], serial_gnoll_camp,
          gnoll_camp_huts_basic, gnoll_camp_mini_hut, gnoll_camp_mini_hut,
          gnoll_camp_mini_hut, gnoll_camp_mini_basic, gnoll_camp_mini_shop,
          grunt_ogre_cave, chequers_jeans, uniq_erica
D:9:      layout_basic, erik_lair_orcish_takeover, basic_altar,
          minmay_misc_feat_room, uniq_maurice, uniq_erolcha
D:10:     layout_basic, minmay_tree_intersection, roderic_lattice_a,
          minmay_misc_feat_nine_boxes, fungi_pond_lemuel
D:11:     layout_roguey, gauntlet_entry_generic, minivault_28, uniq_josephine
D:12:     layout_irregular_city, orc_0_dummy
D:13:     layout_cave_pools, skrybe_vaults_entry_preservation, serial_shops,
          shop, gammafunk_ghost_split, pf_eden
Lair:1:   layout_misc_corridors, minivault_27, serial_bayou_shore_b,
          uniq_gastronok
Lair:2:   layout_gridlike, gammafunk_ghost_hydra_chop
Lair:3:   layout_loops_ring, elwin_shoals_entry_rocks, worms_lemuel,
          lemuel_fruit_fields, minmay_lair_oklob_chamber
Lair:4:   layout_cave_pods, spider_nest_entry_funnel_web, lemuel_fruit_tree
Lair:5:   onia_ninara_swampy_vault, layout_cave_pods, slime_altar_1,
          serial_forest, infiniplex_forest_clump_medium,
          infiniplex_forest_clump_tiny, infiniplex_forest_end_2,
          infiniplex_forest_lined_3_way, infiniplex_forest_clump_small,
          infiniplex_forest_clump_diagonal, infiniplex_forest_clump_curved
Sewer:    sewer_co_cracked_pipes
Gauntlet: gammafunk_gauntlet_branching [nicolae_gauntlet_arena_quarters,
          gammafunk_gauntlet_arena_teeth, gammafunk_gauntlet_arena_mazey,
          nicolae_gauntlet_arena_t_cross, gammafunk_gauntlet_arena_chambers,
          nicolae_gauntlet_arena_grate_2, nicolae_gauntlet_arena_x,
          nicolae_gauntlet_swirl, gauntlet_exit_hidden_loot]

Table legend:
 A = Turns spent in this place as a percentage of turns spent in the entire game.
 B = Non-inter-level travel turns spent in this place as a percentage of non-inter-level travel turns spent in the entire game.
 C = Inter-level travel turns spent in this place as a percentage of turns spent in this place.
 D = Turns resting spent in this place as a percentage of non-inter-level travel turns spent in this place.
 E = Turns spent auto-exploring this place as a percentage of non-inter-level travel turns spent in this place.
 F = Non-inter-level travel turns spent in this place divided by the number of levels of this place that you've seen.
                   A       B       C       D       E      F
               +-------+-------+-------+-------+-------+----------------------
         Total | 100.0 | 100.0 |   6.0 |  27.2 |  51.4 | 1099.2
       Dungeon |  62.2 |  62.6 |   5.5 |  29.9 |  50.2 | 1058.1
          Lair |  32.4 |  31.7 |   8.1 |  24.6 |  54.9 | 1393.6
         Sewer |   1.9 |   2.0 |   0.0 |   5.4 |  65.1 | 441.0
      Gauntlet |   3.5 |   3.7 |   0.0 |  17.1 |  36.1 | 819.0
               +-------+-------+-------+-------+-------+----------------------

Table legend:
 A = Kills in this place as a percentage of kills in entire the game.
 B = Kills by you in this place as a percentage of kills by you in the entire game.
 C = Kills by friends in this place as a percentage of kills by friends in the entire game.
 D = Other kills in this place as a percentage of other kills in the entire game.
 E = Experience gained in this place as a percentage of experience gained in the entire game.
 F = Experience gained in this place divided by the number of levels of this place that you have seen.
                   A       B       C       D       E      F
               +-------+-------+-------+-------+-------+----------------------
         Total | 100.0 | 100.0 | 100.0 |   N/A | 100.0 | 4266.8
       Dungeon |  69.4 |  69.2 | 100.0 |   N/A |  44.5 | 2920.5
          Lair |  24.0 |  24.2 |   0.0 |   N/A |  50.4 | 8596.4
         Sewer |   4.3 |   4.4 |   0.0 |   N/A |   0.1 | 125.0
      Gauntlet |   2.3 |   2.3 |   0.0 |   N/A |   5.0 | 4262.0
               +-------+-------+-------+-------+-------+----------------------
